 Dungeon Crawl Stone Soup version 0.25-a0-578-gc91f01c39c (webtiles) character file.

Game seed: 15358662940552777073, levelgen mode: deterministic

56 EriolAelfwine the Charmwright (level 3, 0/29 HPs)
             Began as a Merfolk Skald on Mar 7, 2020.
             Slain by Terence
             ... wielding a +0 flail
              (5 damage)
             ... on level 2 of the Dungeon.
             The game lasted 00:07:03 (1261 turns).

EriolAelfwine the Charmwright (Merfolk Skald)       Turns: 1261, Time: 00:07:04

Health: 0/29       AC:  4    Str: 12    XL:     3   Next: 97%
Magic:  5/6        EV: 13    Int: 12    God:
Gold:   47         SH:  0    Dex: 13    Spells: 3/6 levels left

rFire    + + .     SeeInvis .   a - +0 spear
rCold    . . .     Gourm    .   (no shield)
rNeg     . . .     Faith    .   b - +0 leather armour
rPois    .         Spirit   .   (no helmet)
rElec    .         Reflect  .   l - scarf {rC+ rF+}
rCorr    .         Harm     .   e - +0 pair of gloves
MR       .....                  (no boots)
Stlth    +.........             (no amulet)
HPRegen  0.09/turn              n - ring of fire
MPRegen  0.10/turn              (no ring)

@: no status effects
A: change form in water, swift swim, stealthy swim
a: no special abilities


You were on level 2 of the Dungeon.
You were hungry.

You visited 1 branch of the dungeon, and saw 2 of its levels.

You collected 47 gold pieces.

Inventory:

Hand Weapons
 a - a +0 spear (weapon)
Armour
 b - a +0 leather armour (worn)
 e - a +0 pair of gloves (worn)
 l - a scarf of resistance (worn)
Jewellery
 n - a ring of fire (left hand)
Scrolls
 g - a scroll of blinking {unknown}
 h - 2 scrolls of identify {unknown}
 m - a scroll of teleportation {unknown}
Potions
 c - 2 potions of stabbing {unknown}
 f - a potion of cancellation {unknown}
 i - a potion of heal wounds {unknown}
 j - a potion of invisibility {unknown}
Comestibles
 d - 2 rations
 k - 3 chunks of flesh


   Skills:
 + Level 3.0 Fighting
 + Level 3.6 Polearms
 + Level 1.1 Armour
 + Level 3.1 Dodging
 + Level 2.1 Spellcasting
 + Level 3.7 Charms


You had 3 spell levels left.
You knew the following spells:

 Your Spells              Type           Power        Failure   Level  Hunger
a - Infusion              Chrm           ##..         8%          1    ##.....
b - Shroud of Golubria    Chrm/Tloc      #.....       24%         2    ###....

Your spell library contained the following spells:

 Spells                   Type           Power        Failure   Level  Hunger
 Song of Slaying          Chrm           ##......     11%         2    ###....
 Ozocubu's Armour         Chrm/Ice       #.......     43%         3    ####...
 Spectral Weapon          Hex/Chrm       #.......     43%         3    ####...


Dungeon Overview and Level Annotations

Branches:
Dungeon (2/15)

Altars:

Annotations:
D:2 Terence


Message History

You closely miss Terence.
Terence is severely wounded.
Terence hits you with a +0 flail.
* * * LOW HITPOINT WARNING * * *
You hit Terence.
Terence is severely wounded.
Terence completely misses you.
You hit Terence but do no damage.
Terence is severely wounded.
You hit Terence but do no damage.
Terence is severely wounded.
Terence hits you but does no damage.
You closely miss Terence.
Terence is severely wounded.
Terence hits you with a +0 flail.
* * * LOW HITPOINT WARNING * * *
You hit Terence but do no damage.
Terence is severely wounded.
Terence hits you with a +0 flail.
You die...

#.#.###.#..............#
#....<..#...†#...... ..#####
#...#...#....# ..... #......
#.......#)...#########.#####
#...........................
######...##################.#####
))...#......<..... #....#
####........########## #....#
#...........@@....#.####....#
##................#.........#
#................#..####...#
#.......####.....# #...#
#.......# #...#.# #.†.+ #########
#.#####.........# #.. .####....#
### #....# .....#


You could see Terence.

Vanquished Creatures
  2 gnolls (D:2)
  A leopard gecko (D:2)
  A ball python (D:2)
  2 bats (D:1)
  A giant cockroach (D:1)
  8 goblins
  3 hobgoblins
  5 jackals
  4 frilled lizards
  2 kobolds (D:1)
  2 rats (D:2)
31 creatures vanquished.

Notes
Turn   | Place    | Note
-------+----------+-------------------------------------------
     0 | D:1      | EriolAelfwine the Merfolk Skald began the quest for the
                  | Orb.
     0 | D:1      | Reached XP level 1. HP: 16/16 MP: 3/3
    61 | D:1      | Reached XP level 2. HP: 13/23 MP: 0/5
    66 | D:1      | Learned a level 2 spell: Shroud of Golubria
   736 | D:1      | Reached skill level 1 in Armour
   884 | D:2      | Reached XP level 3. HP: 25/28 MP: 6/6
  1208 | D:2      | Noticed Terence
  1261 | D:2      | Slain by Terence

Levels and vault maps discovered:
D:1:      lightli_iron_boxes, layout_basic, supply_closet_lemuel,
          corexii_item_surrounded_by_moat
D:2:      layout_basic, grunt_ministairs_2, tso_metal_star, uniq_terence

Skill      XL: |  1  2  3 |
---------------+----------+-----
Dodging        | 3 |  3.1
Armour         | 1 |  1.1
Fighting       | 3 |  3.0
Polearms       | |  3.6
Spellcasting   | |  2.1
Charms         | |  3.7

Action                   || total
-------------------------++-------
Melee: Spear             ||   140
 Cast: Infusion          ||     6
       Shroud of Golubri ||     2
  Eat: Chunk             ||     1
Armor: Leather armour    ||    32
Dodge: Dodged            ||    76

Table legend:
 A = Non-vault XP
 B = Vault XP
 C = Vault XP percentage of total XP
 D = Non-vault monster count
 E = Vault monster count
 F = Vault count percentage of total count
                 A         B        C        D         E       F
            +---------+---------+-------+---------+---------+-------
      Total |      79 |       2 |   2.5 |      30 |       1 |   3.2
            +---------+---------+-------+---------+---------+-------
        D:1 |      32 |       0 |   0.0 |      17 |       0 |   0.0
        D:2 |      47 |       2 |   4.1 |      13 |       1 |   7.1
            +---------+---------+-------+---------+---------+-------
